[Event "Early-Titled-Tuesday-Blitz-April-16-2024"]
[Site "Chess.com"]
[Date "2024.04.16"]
[Round "1"]
[White "alexrustemov"]
[Black "Klendi"]
[Result "1-0"]
[WhiteElo "2847"]
[BlackElo "2476"]
[TimeControl "180+1"]
[EndTime "8:08:13 PDT"]
[Termination "alexrustemov won by resignation"]

1. d4 d5 2. c4 c6 3. Nc3 Nf6 4.
e3 e6 5. Nf3 Nbd7 6. Qc2 Bd6 7.
Bd2 O-O 8. O-O-O e5 9. cxd5 cxd5 10. Nb5 Bb8 11. dxe5 Nxe5 12. Bc3 Nc6 13. Bd3 Bg4 14. Kb1 a6 15. Nbd4 Nxd4 16. Bxd4 Bd6 17. Bxf6 Qxf6 18. Bxh7+ Kh8 19. Bd3 Rac8 20. Qe2 b5 21. h3 Bh5 22. g4 Bg6 23. Nd4 Rc4 24. Qf3 Bxd3+ 25. Rxd3 Be5 26. Qxf6 Bxf6 27. Rhd1 Rfc8 28. Ne2 Rb4 29.
R3d2 g6 30. Nf4 Bg7 31. Nxd5 Re4 32. f3 Re5 33. e4 Bf8 34. Rc2 Rd8 35. Rc6 a5 36.
Rb6 b4 37. Ra6 f5 38. Rd4 fxe4 39. fxe4 Bg7 40. Rxa5 Ree8 41. Rc4 Rf8 42. Rxb4 Rc8 43. a4 Rf3 44. Ka2 Rxh3 45. Rab5 Kh7 46. Rb7 Rc2 47. Rc7 Rd2 48. Rbb7 Kh6 49. Rxg7 Kg5 50. Rb6 Kxg4 51. Rgxg6+ Kf3 52. Rge6 Rhh2 53. Nc3 Rc2 54. Rec6 Ke3 55. a5 Kd4 56. a6 Rh5 57. Kb3 Rc1 58. Rb4+ Kd3 59. Rd6+ Ke3 60. Nd5+ Kf3 61. Ra4 Rh7 62. a7 Rb7+ 63. Rb6 1-0

[Event "Early-Titled-Tuesday-Blitz-April-16-2024"]
[Site "Chess.com"]
[Date "2024.04.16"]
[Round "1"]
[White "le-castor-faineant"]
[Black "ansko1999"]
[Result "0-1"]
[WhiteElo "2333"]
[BlackElo "2633"]
[TimeControl "180+1"]
[EndTime "8:08:14 PDT"]
[Termination "ansko1999 won on time"]

1. e4 c5 2. Nf3 Nf6 3. e5 Nd5 4.
c3 d6 5. exd6 e6 6. d4 cxd4 7.
Nxd4 Bxd6 8. Be2 O-O 9. O-O a6 10. Nd2 e5 11. N4b3 Nc6 12. Ne4 Bc7 13. c4 Nf4 14. Bxf4 exf4 15. Qxd8 Rxd8 16. Rfd1 Bf5 17. Nc3 Be5 18. Nc5 b6 19. Nd3 Bxc3 20. bxc3 Bxd3 21. Bxd3 Ne5 22. Be2 Kf8 23. Rd4 g5 24. Rb1 Rab8 25.
h4 h6 26. hxg5 hxg5 27. Rxd8+ Rxd8 28. Rxb6 Rd2 29. Bf1 Rxa2 30. c5 Rc2 31. Rxa6 Rxc3 32. Ra5 Rc1 33. f3 Nc6 34. Ra8+ Kg7 35. Kf2 Rxc5 36. Rc8 Rc2+ 37. Kg1 Nd4 38. Rxc2 Nxc2 39. Kf2 Kf6 40. g3 Ke5 41. Bc4 f6 42. Bf7 Nb4 43.
Bc4 Nc6 44. gxf4+ Kxf4 45. Bb5 Nd4 46. Be2 Nxe2 47. Kxe2 Kg3 48. Ke3 f5 49. f4 g4 50.
Ke2 Kxf4 51. Kf2 g3+ 52. Kg2 Kg4 53. Kf1 Kf3 54. Kg1 g2 55. Kh2 Kf2 0-1

[Event "Early-Titled-Tuesday-Blitz-April-16-2024"]
[Site "Chess.com"]
[Date "2024.04.16"]
[Round "1"]
[White "kritipatel"]
[Black "MrChampion_Coach"]
[Result "0-1"]
[WhiteElo "2164"]
[BlackElo "2575"]
[TimeControl "180+1"]
[EndTime "8:08:14 PDT"]
[Termination "MrChampion_Coach won by checkmate"]

1. e4 c5 2. d4 cxd4 3. c3 Nf6 4. e5 Nd5 5. Nf3 d6 6. Bc4 Nb6 7. Bb3 d5 8. cxd4 Nc6 9. O-O Bg4 10. Be3 e6 11.
Nbd2 Be7 12. Rc1 O-O 13. h3 Bh5 14. Re1 f6 15. Qc2 Bg6 16. Qd1 Nb4 17. Nh4 Nd3 18.
Nxg6 hxg6 19. Qg4 f5 20. Qxg6 Nxe1 21. Qxe6+ Kh8 22. Rxe1 Qe8 23. Nf3 Rc8 24. Bxd5 f4 25. Bd2 Nxd5 26. Qxd5 Qc6 27. Qb3 Rcd8 28. Rc1 Qd7 29. Qd3 Rc8 30. Re1 Qd5 31. Rd1 b5 32. a3 Rcd8 33. Bc3 Bc5 34. Qe2 Be7 35. Rd3 Qc4 36.
Qd2 Qd5 37. Qd1 a5 38. Bd2 b4 39. axb4 axb4 40. Qc1 Rc8 41. Qd1 Ra8 42. Rb3 g5 43.
Bxb4 Rfb8 44. Bxe7 Qxb3 45. Bf6+ Kg8 46. Qc1 Rc8 47. Qd2 Ra1+ 48. Kh2 Qd1 49. Qxd1 Rxd1 50. Nxg5 Rc2 51. Ne6 Rxf2 52. Bg5 f3 53. Kg3 fxg2 54.
Kh4 g1=Q 55. d5 Rf7 56. d6 Rh7+ 57. Bh6 Rxh6# 0-1

[Event "Early-Titled-Tuesday-Blitz-April-16-2024"]
[Site "Chess.com"]
[Date "2024.04.16"]
[Round "1"]
[White "wild3000"]
[Black "SpeedofLight0"]
[Result "0-1"]
[WhiteElo "2535"]
[BlackElo "3087"]
[TimeControl "180+1"]
[EndTime "8:08:15 PDT"]
[Termination "SpeedofLight0 won by checkmate"]

1. e4 Nc6 2. Nf3 d6 3. d4 Nf6 4.
d5 Nb8 5. Bd3 g6 6. O-O Bg7 7.
c4 Bg4 8. h3 Bxf3 9. Qxf3 O-O 10.
Nc3 a5 11. Be3 a4 12. a3 Nbd7 13. Bc2 Qe8 14. Qe2 Nb6 15. Nb5 Qc8 16. c5 dxc5 17.
Bxc5 Nfd7 18. Bd4 c6 19. Bxg7 Kxg7 20. Nc3 Qc7 21. Rad1 Nc5 22. Qe3 Nbd7 23. Qd4+ Qe5 24. dxc6 bxc6 25. f4 Qxd4+ 26. Rxd4 Rfb8 27. Nxa4 Nxa4 28. Bxa4 Nc5 29. Bxc6 Ra6 30. Rc4 Nd3 31. b4 Rxa3 32.
b5 e5 33. fxe5 Nxe5 34. Rc5 f6 35. Rb1 Ra5 36. Rd5 Nxc6 37. Rd7+ Kh6 38. Rd6 Ne5 39. b6 Ra6 40. Rxf6 Nd7 41. Rd6 Raxb6 42. Rbxb6 Nxb6 43. e5 Nc4 44. Re6 Rb5 45. Kh2 Nxe5 46. Rf6 Kg7 47.
Rf4 Nf7 48. Rf3 Re5 49. Rd3 h5 50. Rc3 h4 51. Rc4 g5 52. Rc6 Nh6 53. Rc7+ Kg6 54. Rc6+ Kh5 55. Rc4 Nf5 56. Rc1 Ng3 57. Rd1 Rf5 58.
Rd6 Rf2 59. Rc6 Re2 60. Rb6 Nf1+ 61. Kg1 Ne3 62. Kh2 Rxg2+ 63. Kh1 Rg3 64. Kh2 Nf1+ 65. Kh1 Nd2 66. Kh2 Nf3+ 67. Kh1 Rg1# 0-1

[Event "Early-Titled-Tuesday-Blitz-April-16-2024"]
[Site "Chess.com"]
[Date "2024.04.16"]
[Round "1"]
[White "marcodobrikov"]
[Black "amintabatabaei"]
[Result "0-1"]
[WhiteElo "2530"]
[BlackElo "3043"]
[TimeControl "180+1"]
[EndTime "8:08:15 PDT"]
[Termination "amintabatabaei won on time"]

1. d4 d5 2. Nf3 Nf6 3. Bf4 c5 4.
e3 Nc6 5. c3 Nh5 6. Bg3 Qb6 7.
Qb3 c4 8. Qxb6 axb6 9. a3 Nxg3 10. hxg3 b5 11. Kd2 f6 12. Be2 e5 13. Kc1 e4 14.
Nfd2 f5 15. b4 Be6 16. Kb2 Bd6 17. Rh4 Kf7 18. Nf1 g5 19. Rh6 Bf8 20. Rh1 Kg6 21. Bh5+ Kf6 22. Be2 h6 23. Nbd2 Bd6 24. Rd1 Bf7 25.
Bh5 Be6 26. Re1 Ra6 27. Nb1 Kg7 28. Bd1 Ne7 29. Rh2 Raa8 30. Nfd2 f4 31. gxf4 gxf4 32. exf4 Bxf4 33. g3 Bd6 34. f3 e3 35. Rxe3 Kf6 36.
Rhe2 Bd7 37. g4 Ng6 38. Bc2 Bf4 39. Bxg6 Bxe3 40. Rxe3 Kxg6 41. Re5 Bc6 42. f4 Rhf8 43. Re6+ Kf7 44. Rxh6 Kg7 45. Rh3 Rxf4 46. Nf3 Rh8 47.
Rxh8 Kxh8 48. Ne5 Rf2+ 49. Kc1 Kg7 50. Nd2 Kf6 51. Kc2 Kg5 52. Kd1 Kf4 53. Ke1 Rg2 54. Nf1 Rc2 55. Nd2 Rxc3 56. g5 Kxg5 57. Kd1 Rxa3 58. Kc2 Rg3 59. Ndf3+ Kf4 60. Nd2 Rg2 61. Kc3 Ke3 62. Nf1+ Ke2 63. Nd2 Rg3+ 64. Kc2 Be8 65. Nb1 Ke3 66. Nc3 Kxd4 67. Nxb5+ Bxb5 0-1

[Event "Early-Titled-Tuesday-Blitz-April-16-2024"]
[Site "Chess.com"]
[Date "2024.04.16"]
[Round "1"]
[White "BogdanDeac"]
[Black "ozates"]
[Result "1-0"]
[WhiteElo "3022"]
[BlackElo "2526"]
[TimeControl "180+1"]
[EndTime "8:08:16 PDT"]
[Termination "BogdanDeac won by resignation"]

1. d4 Nf6 2. c4 e6 3. Nf3 d5 4. g3 dxc4 5. Bg2 Bd7 6. O-O Bc6 7.
Qc2 b5 8. Nc3 Bb4 9. a4 Bxc3 10.
axb5 Bxb5 11. bxc3 O-O 12. Ne5 c6 13. Ba3 Re8 14. Qa2 Nd5 15. Rfc1 Nb6 16. Bc5 Qc7 17. Bxb6 Qxb6 18. Nxc4 Qc7 19. Na5 Rc8 20. e3 Bd3 21. Qa4 Bb5 22. Qa3 Bd3 23. Qa4 Bb5 24. Qd1 Ba6 25. Nxc6 Nxc6 26. Rxa6 Nb4 27. Raa1 Nc6 28. Ra4 Rab8 29. Rca1 Qb6 30. c4 a5 31. c5 Qb5 32.
Bxc6 Qxc6 33. Rxa5 h6 34. Ra6 Qe4 35. R6a4 Rb2 36.
h4 Qf5 37. Qf1 Rcb8 38. Ra8 Rxa8 39. Rxa8+ Kh7 40. Ra1 Rc2 41. Rc1 g5 42. hxg5 hxg5 43. Rxc2 Qxc2 44. Qe1 Kg6 45. Qf1 f5 46. g4 f4 47. Qg2 Qd1+ 48. Kh2 f3 49. Qg3 Kf6 50. c6 Ke7 51. c7 Kd7 52. Qe5 Qf1 53. Qxe6+ Kxe6 54. c8=Q+ Ke7 55. Qc7+ Kf8 56. Qb8+ Kg7 57. Qb7+ Kh6 58.
Qxf3 Qe1 59. Kg2 Qc1 60. Qf6+ Kh7 61. Qxg5 Qc6+ 62. d5 1-0

[Event "Early-Titled-Tuesday-Blitz-April-16-2024"]
[Site "Chess.com"]
[Date "2024.04.16"]
[Round "1"]
[White "SaiAgni_98"]
[Black "baki83"]
[Result "0-1"]
[WhiteElo "2507"]
[BlackElo "2921"]
[TimeControl "180+1"]
[EndTime "8:08:17 PDT"]
[Termination "baki83 won on time"]

1. e4 c5 2. Nc3 e6 3. Nf3 Nc6 4. g3 Nf6 5. Bg2 d5 6. exd5 exd5 7. d4 Bg4 8. dxc5 Bxc5 9. O-O O-O 10. h3 Bh5 11. Na4 Be7 12. Bg5 h6 13. Bxf6 Bxf6 14. Qd2 Qd6 15. Nc3 Rad8 16. Rfe1 Bxf3 17. Bxf3 Qb4 18. Rab1 Ne5 19. Be2 Bg5 20. Qd1 Qc5 21.
Kg2 d4 22. Ne4 Qc6 23. f3 Be3 24. Bd3 f5 25. Nf2 a6 26. Be2 Kh8 27. Nd3 Ng6 28. Kh2 Qc7 29. f4 Rf6 30. Bf3 Rc8 31. Re2 b5 32. Qh1 Nxf4 33. gxf4 Bxf4+ 34. Kg2 Rg6+ 35. Kf1 Be3 36. Rg2 Rxg2 37. Qxg2 Qxc2 38. Qxc2 Rxc2 39. Be2 g5 40. Ne1 Rc5 41. Rd1 Kg7 42. Kg2 Kf6 43. Kf3 h5 44. b4 Rc3 45. Nd3 g4+ 46. hxg4 hxg4+ 47. Kg2 Rc2 48. Kf1 Rxa2 49. Nc5 Kg5 50. Ne6+ Kh4 51. Nxd4 Bxd4 52. Rxd4 Rb2 53. Kf2 Kg5 54.
Ke3 f4+ 0-1

[Event "Early-Titled-Tuesday-Blitz-April-16-2024"]
[Site "Chess.com"]
[Date "2024.04.16"]
[Round "1"]
[White "snowlord"]
[Black "Savagelittlemole"]
[Result "1-0"]
[WhiteElo "2953"]
[BlackElo "2517"]
[TimeControl "180+1"]
[EndTime "8:08:19 PDT"]
[Termination "snowlord won by checkmate"]

1. e4 c5 2. Nf3 d6 3. c3 g6 4.
d4 cxd4 5. cxd4 Bg7 6. h3 Nf6 7. Nc3 O-O 8. Be2 a6 9. O-O b5 10. e5 Ne8 11. a4 b4 12. Nd5 a5 13. Bg5 Ra7 14. Bb5 Be6 15. Nf4 Nc7 16. Rc1 h6 17. Bh4 Bf5 18. exd6 Qxd6 19. Bg3 Nxb5 20. axb5 Qd8 21. Re1 Rd7 22. d5 e6 23. Ne5 Rd6 24. Nc4 Rd7 25. d6 Rb7 26. Qa4 Nd7 27. Qxa5 Qxa5 28.
Nxa5 Rxb5 29. Nc4 g5 30. Nh5 Bh8 31. Bh2 Bg6 32. Ng3 Rd5 33. Ne4 Rd8 34. f3 Nf6 35.
Bg3 Nxe4 36. fxe4 Bd4+ 37. Bf2 Bxf2+ 38. Kxf2 Rd4 39. e5 Bd3 40. Na5 Bb5 41. Nb7 Rb8 42.
Nc5 Rd2+ 43. Kg3 Bc6 44. Rg1 Rd8 45. Rce1 Rxb2 46. Rc1 Rd2 47. h4 Kg7 48. hxg5 hxg5 49. Kg4 Rh8 50. Kxg5 Rd4 51. g4 Bf3 52. Rcf1 Be2 53.
Rf2 Bd3 54. Rg3 Bb1 55. Rgf3 Rd1 56. Rxf7+ Kg8 57. Rf8+ Kg7 58. R2f7# 1-0

[Event "Early-Titled-Tuesday-Blitz-April-16-2024"]
[Site "Chess.com"]
[Date "2024.04.16"]
[Round "1"]
[White "FuenfgegenWilly"]
[Black "Aradhya2000"]
[Result "0-1"]
[WhiteElo "2437"]
[BlackElo "2771"]
[TimeControl "180+1"]
[EndTime "8:08:21 PDT"]
[Termination "Aradhya2000 won on time"]

1. d4 d5 2. c4 c6 3. cxd5 cxd5 4. Nc3 Nf6 5. Bf4 Nc6 6. e3 a6 7. Bd3 Bg4 8. f3 Bh5 9. Nge2 e6 10. h4 Bg6 11.
Kf2 Bd6 12. g4 Bxd3 13. Qxd3 h6 14. Rac1 g6 15. Bxd6 Qxd6 16. Ng3 h5 17. g5 Nd7 18.
e4 O-O 19. e5 Qb4 20. Nge2 Qxb2 21. Rb1 Nb4 22. Qe3 Qa3 23. Nxd5 Nd3+ 24. Kg3 exd5 25.
Rb3 Qxa2 26. Qxd3 b5 27. e6 Rfe8 28. Nf4 Nf8 29. Re1 Qa4 30. Rc3 Rac8 31. Rxc8 Rxc8 32. exf7+ Kxf7 33. Qe3 Qb4 34. Nxd5 Qd6+ 35. Nf4 b4 36.
Qb3+ Kg7 37. d5 Rc3 38. Qa4 Rc4 39. Re4 Rxe4 40. fxe4 Qb6 41. Qe8 Qe3+ 42. Kg2 Qxf4 43.
Qe7+ Qf7 44. Qxb4 Qf4 45. Qe7+ Kg8 46. d6 Qg4+ 47. Kf1 Qxh4 48. d7 Qh3+ 49. Ke2 Qxd7 50.
Qf6 h4 51. e5 h3 52. Kf3 Qe6 53. Qf4 Qf5 54. Qxf5 gxf5 0-1

[Event "Early-Titled-Tuesday-Blitz-April-16-2024"]
[Site "Chess.com"]
[Date "2024.04.16"]
[Round "1"]
[White "schachlana"]
[Black "TitarovVasiliYouTube"]
[Result "0-1"]
[WhiteElo "2271"]
[BlackElo "2605"]
[TimeControl "180+1"]
[EndTime "8:08:24 PDT"]
[Termination "TitarovVasiliYouTube won by checkmate"]

1. Nf3 g6 2. d4 Bg7 3. c4 Nf6 4.
Nc3 d6 5. e4 O-O 6. h3 c5 7. d5 e6 8. Be2 exd5 9. cxd5 Re8 10.
Nd2 a6 11. a4 Nbd7 12. O-O Nh5 13. Bxh5 gxh5 14. Qxh5 Ne5 15. Qe2 Ng6 16. Nc4 f5 17.
a5 Bxc3 18. bxc3 Rxe4 19. Qd3 Qf6 20. Nb6 Rb8 21. f3 Re8 22. Rb1 f4 23. Nxc8 Rexc8 24. c4 Qd4+ 25. Qxd4 cxd4 26. Ba3 Rxc4 27. Bxd6 Rd8 28.
Ba3 Rxd5 29. Rxb7 Rxa5 30. Bd6 Rd5 31. Bb8 d3 32. Rbb1 Rc2 33. Rfd1 a5 34. h4 a4 35. h5 Nh4 36. Bxf4 Rxg2+ 37. Kf1 Rf5 38. Rb4 Rd5 39.
h6 Rg6 40. Rxa4 Nxf3 41. Ra8+ Kf7 42. Ra7+ Kf6 43. Ra3 Kf5 44. Raxd3 Rxd3 45. Rxd3 Kxf4 46. Rd7 Ng5 47. Rg7 Rxh6 48. Ke2 Kf5 49. Ke3 Rg6 50. Rc7 Re6+ 51. Kf2 h5 52. Rc5+ Kg4 53. Rc4+ Re4 54. Rc3 h4 55. Rc8 Rf4+ 56. Kg2 h3+ 57. Kh2 Rf2+ 58. Kh1 Ra2 59. Rc4+ Kg3 60. Rc3+ Nf3 61.
Rxf3+ Kxf3 62. Kg1 Kg3 63. Kh1 Ra1# 0-1

[Event "Early-Titled-Tuesday-Blitz-April-16-2024"]
[Site "Chess.com"]
[Date "2024.04.16"]
[Round "1"]
[White "NovoselovRoman"]
[Black "LubovMarkelova"]
[Result "1-0"]
[WhiteElo "2579"]
[BlackElo "2184"]
[TimeControl "180+1"]
[EndTime "8:08:32 PDT"]
[Termination "NovoselovRoman won on time"]

1. e4 c5 2. Nf3 d6 3. d4 cxd4 4.
Nxd4 Nf6 5. Nc3 g6 6. h3 Bg7 7.
g4 O-O 8. Be3 Nc6 9. Qd2 Bd7 10.
O-O-O Rc8 11. g5 Nh5 12. Be2 Nxd4 13. Bxd4 Bxd4 14. Qxd4 Nf4 15. Bf1 Ne6 16. Qe3 Qa5 17.
h4 b5 18. Kb1 b4 19. Nd5 Rfe8 20. h5 Qc5 21. Qxc5 Nxc5 22. f3 a5 23. Be2 Be6 24. Nf4 Nd7 25. Bb5 Red8 26. hxg6 hxg6 27. Rh6 Nf8 28. Rh2 Rc5 29. Bd3 Rxg5 30. a3 bxa3 31. bxa3 Rb8+ 32. Ka1 Rc5 33. Rb1 Rxb1+ 34. Kxb1 Bc4 35.
Bxc4 Rxc4 36. Nd5 e6 37. Nf6+ Kg7 38. Ne8+ Kg8 39. Nxd6 Rc3 40. f4 Rxa3 41. c4 Nd7 42. e5 Rf3 43. Rh4 g5 44. fxg5 Nxe5 45. Re4 Rf1+ 46. Kc2 Nc6 47. c5 Nb4+ 48. Kb3 Rf3+ 49. Ka4 Nc6 50. Kb5 Ne7 51. c6 Rc3 52. Nc4 a4 53. c7 a3 54. Re1 a2 55. Ra1 Kg7 56. Rxa2 Kg6 57. Kc5 Kxg5 58. Ra8 Kf6 59. Re8 Nd5 60. c8=Q Ne3 61. Qd8+ Kg6 62. Rg8+ Kf5 63.
Qg5+ Ke4 64. Qe5+ Kd3 65. Qxe3+ 1-0

[Event "Early-Titled-Tuesday-Blitz-April-16-2024"]
[Site "Chess.com"]
[Date "2024.04.16"]
[Round "1"]
[White "MyDream003"]
[Black "Gryffindorac8"]
[Result "1-0"]
[WhiteElo "2786"]
[BlackElo "2444"]
[TimeControl "180+1"]
[EndTime "8:08:34 PDT"]
[Termination "MyDream003 won by resignation"]

1. e4 c5 2. Nf3 d6 3. d4 cxd4 4. Nxd4 Nf6 5. Nc3 a6 6. f3 e5 7. Nb3 Be7 8. Be3 Be6 9. Qd2 h5 10. Be2 Nbd7 11. Nd5 Bxd5 12. exd5 Qc7 13. c4 a5 14. Rc1 b6 15. Na1 O-O 16. Nc2 Nc5 17. Na3 Nh7 18. O-O f5 19. Nb5 Qd7 20. Rce1 Rae8 21. Bd1 Bh4 22. g3 Bf6 23. b3 h4 24.
Bf2 Ng5 25. Be3 hxg3 26. Bxg5 gxh2+ 27. Kh1 f4 28. Bxf6 Rxf6 29. Nc3 Rg6 30. Bc2 Rg5 31. Rf2 Qh3 32. Ne4 Nxe4 33. Bxe4 Kf7 34. Rxh2 Qd7 35. Rg1 Rxg1+ 36. Kxg1 Qe7 37. Qg2 Qf6 38. Rh5 Ke7 39. Qg5 Rf8 40. Kf2 Rf7 41. Qxf6+ gxf6 42. Rh7 Rxh7 43. Bxh7 Kf7 44. Kg2 Kg7 45. Be4 Kh6 46.
Kh3 Kg5 47. Bc2 Kh5 48. a3 Kg5 49. b4 axb4 50. axb4 f5 51. Bb1 Kf6 52. Bc2 Kg5 53.
Bb1 Kf6 54. Kh4 e4 55. fxe4 fxe4 56. Bxe4 Ke5 57. Bd3 Kd4 58. Bf1 f3 59. Kg3 Kc3 60. b5 Kd4 61. Kxf3 Kc5 62. Kf4 Kb4 63. Kf5 Kc5 1-0

[Event "Early-Titled-Tuesday-Blitz-April-16-2024"]
[Site "Chess.com"]
[Date "2024.04.16"]
[Round "1"]
[White "PawnEatingZombie"]
[Black "AlexanderKing"]
[Result "1/2-1/2"]
[WhiteElo "2243"]
[BlackElo "2588"]
[TimeControl "180+1"]
[EndTime "8:08:38 PDT"]
[Termination "Game drawn by repetition"]

1. e4 e6 2. d4 d5 3. exd5 exd5 4. Bf4 Nf6 5. Nc3 Bb4 6. a3 Bxc3+ 7. bxc3 O-O 8. Bd3 Re8+ 9. Ne2 c5 10. c4 dxc4 11.
Bxc4 cxd4 12. O-O Nc6 13. c3 dxc3 14. Nxc3 Qxd1 15. Rfxd1 Be6 16. Bxe6 Rxe6 17. Rab1 Rae8 18. h3 b6 19. Nb5 Re4 20. Bg3 Ra4 21. Rd6 Na5 22.
Nxa7 Nc4 23. Rd4 Rxa7 24. Rxc4 Rxa3 25. Rxb6 h6 26. Rb7 Ra6 27. Rcc7 Nh5 28. Rxf7 Rg6 29. Rfe7 Rxe7 30. Rxe7 Nxg3 31. fxg3 Rxg3 32. Kh2 Ra3 33.
Rb7 Kf8 34. Rc7 Kg8 35. Rb7 Re3 36. Rc7 Kh7 37. Rb7 Kg6 38. Rc7 Kf6 39. Rc5 Re6 40. Rb5 Kg6 41. Rc5 Ra6 42. Rb5 Kf6 43. Rc5 g6 44.
Rb5 Re6 45. h4 Re5 46. Rb6+ Kf5 47. g3 Re2+ 48. Kh3 Re5 49. Ra6 h5 50. Ra4 g5 51.
hxg5 Kxg5 52. Rb4 Rf5 53. Ra4 Rc5 54. Rb4 Rc1 55. Ra4 Rh1+ 56. Kg2 Rb1 57. Kh3 Rb5 58. Rc4 Kg6 59. Rd4 Rc5 60. Rb4 Rd5 61. Rc4 Rd3 62. Rb4 Rf3 63. Rc4 Re3 64. Rb4 Rf3 65. Rc4 Rf5 66.
Rb4 Kg5 67. Rc4 Re5 68. Rb4 Re3 69. Rc4 Re1 70. Rb4 Re2 71. Rc4 Re6 72. Rb4 Re5 73. Rc4 Ra5 74. Rb4 Rc5 75. Rd4 Rb5 76. Rc4 Re5 77. Rb4 1/2-1/2

[Event "Early-Titled-Tuesday-Blitz-April-16-2024"]
[Site "Chess.com"]
[Date "2024.04.16"]
[Round "1"]
[White "Kushch_Nikolai"]
[Black "Aryan_Tamadon"]
[Result "0-1"]
[WhiteElo "2377"]
[BlackElo "2668"]
[TimeControl "180+1"]
[EndTime "8:08:43 PDT"]
[Termination "Aryan_Tamadon won by resignation"]

1. Nf3 Nf6 2. c4 g6 3. b4 Bg7 4. Bb2 O-O 5. e3 d6 6. d4 b6 7. Be2 Bb7 8. O-O Ne4 9. Nc3 Nd7 10. Qb3 Ndf6 11. d5 Nxc3 12. Bxc3 a5 13. a3 Ne4 14. Bxg7 Kxg7 15. Bd3 Nf6 16. Nd4 Qd7 17. Rac1 axb4 18. axb4 Ra4 19. h3 Rfa8 20. Qc3 Ra3 21. Nb3 c6 22. e4 Kg8 23. Ra1 Qc8 24. Qb2 Rxa1 25.
Rxa1 Nd7 26. Be2 cxd5 27. cxd5 Rxa1+ 28. Nxa1 Nf6 29. Bd3 Nh5 30. Qd2 Qa8 31. Nb3 Qa3 32. Nd4 Qa1+ 33. Bf1 Nf6 34. f3 Nd7 35. Nc2 Qb2 36.
Bd3 Ne5 37. f4 Nxd3 38. Qxd3 Qc1+ 39. Kh2 Qxf4+ 40. Kg1 Qc1+ 41. Kh2 Bc8 42. Ne3 Bd7 43. Qd4 h5 44. Nc4 Qf4+ 45. Kg1 Qc1+ 46. Kh2 Qf4+ 47. Kg1 b5 48. Nb6 Bf5 49. Na8 Bxe4 50. Nc7 Qc1+ 51.
Kh2 Bxg2 52. Kxg2 Qxc7 53. Kf3 Qd7 54. Kg3 Qc8 55. Qd3 Qb7 56. Kh2 Qb6 57. Kg2 Kg7 58. h4 Qb7 59. Qc3+ Kh7 60. Qc6 Qa7 61. Qxb5 Qa2+ 62. Kg3 Qb3+ 63. Kg2 Qc2+ 64. Kg3 Qc3+ 65. Kg2 Qd4 66. Kg3 Qg4+ 67. Kf2 Qxh4+ 68. Ke3 Qg3+ 69. Kd2 h4 70. Qd7 h3 71. Qxe7 Qf2+ 72. Kd3 h2 73. Qxd6 h1=Q 0-1

[Event "Early-Titled-Tuesday-Blitz-April-16-2024"]
[Site "Chess.com"]
[Date "2024.04.16"]
[Round "1"]
[White "Caradhrast"]
[Black "InitiatingASC"]
[Result "1-0"]
[WhiteElo "2658"]
[BlackElo "2358"]
[TimeControl "180+1"]
[EndTime "8:08:49 PDT"]
[Termination "Caradhrast won on time"]

1. e4 e5 2. Nf3 Nf6 3. Nxe5 d6 4. Nf3 Nxe4 5. Nc3 Nxc3 6. dxc3 Be7 7. Be3 Be6 8. Qd2 Nd7 9. O-O-O Nb6 10. b3 h6 11.
Nd4 Qd7 12. Nxe6 fxe6 13. Bd3 O-O-O 14. Rhe1 Kb8 15. c4 Bf6 16. Kb1 Qc6 17. Bf1 Nd7 18. Bd4 Bxd4 19. Qxd4 e5 20. Qd3 Rhf8 21. f3 Nc5 22.
Qc3 Ne6 23. Bd3 Qb6 24. Be4 Rf4 25. Bd5 Nd4 26. Qd3 Rdf8 27. c3 Nc6 28. Re4 Qf2 29. Re2 Qb6 30. Rde1 a5 31. Bxc6 Qxc6 32. Re4 a4 33. Kb2 axb3 34. axb3 b6 35. Rxf4 Rxf4 36. Qg6 Qc5 37. Re2 Qg1 38. h3 Qd1 39. Qc2 Qxc2+ 40. Kxc2 Kb7 41. Kd3 Kc6 42. Ke3 Rf6 43. Ra2 Kb7 44.
g3 Rf8 45. b4 Re8 46. Ke4 Rf8 47. h4 Rf6 48. h5 Rf7 49. Rf2 Re7 50. Kd5 Rf7 51.
f4 exf4 52. Rxf4 Re7 53. Re4 Rf7 54. g4 Rf3 55. Re7 Rxc3 56. Rxg7 Rd3+ 57. Ke4 Rc3 58.
Kd4 Rf3 59. b5 Rf4+ 60. Kc3 Re4 61. Rg6 Rf4 62. Kd3 Kb8 63. Ke3 Rxc4 64. Kf3 Rc3+ 65. Kf4 Rc4+ 66. Kf5 Rc5+ 67. Kf6 d5 68. g5 d4 69.
gxh6 Rxh5 70. Kg7 d3 71. h7 Kb7 72. Rg3 c6 73. bxc6+ Kxc6 74. Rxd3 b5 75. Rf3 1-0

[Event "Early-Titled-Tuesday-Blitz-April-16-2024"]
[Site "Chess.com"]
[Date "2024.04.16"]
[Round "1"]
[White "bobo_panda"]
[Black "Hasangatin_Ramil"]
[Result "0-1"]
[WhiteElo "2349"]
[BlackElo "2651"]
[TimeControl "180+1"]
[EndTime "8:08:52 PDT"]
[Termination "Hasangatin_Ramil won by checkmate"]

1. e4 d5 2. exd5 Qxd5 3. Nf3 Bg4 4. Be2 Nc6 5. d4 O-O-O 6. Be3 e5 7. c4 Qa5+ 8. Bd2 Bb4 9. d5 Bxf3 10. Bxf3 Nd4 11. Nc3 Qa6 12. Be2 Qg6 13. O-O Qc2 14. Qxc2 Nxc2 15.
Rac1 Nd4 16. Bd3 Nf6 17. Rfe1 Rhe8 18. a3 Nb3 19. axb4 Nxd2 20. Ra1 Kb8 21. Ra3 e4 22. Be2 e3 23. f3 a6 24. Nd1 Re7 25. Rxe3 Rde8 26. Kf2 b5 27. b3 Rxe3 28. Nxe3 Nxb3 29. cxb5 axb5 30. Bxb5 Re5 31. Bc4 Nd4 32. Rd1 Nf5 33. Nxf5 Rxf5 34. Ke3 Rh5 35. h3 Ne8 36. Kd4 Nd6 37.
Bd3 Rh4+ 38. Kc5 Nb7+ 39. Kb5 Nd6+ 40. Ka4 Kb7 41. Bb5 Rh6 42. Rc1 Rg6 43. g4 Rf6 44. Rc3 Rf4 45. Bc6+ Kb6 46. Re3 Rd4 47. Re7 Rd3 48.
b5 Rxf3 49. Kb4 Rf4+ 50. Kc3 h6 51. Re8 Nxe8 52. Bxe8 f6 53. Bc6 Kc5 54. Kd2 Rf2+ 55.
Ke1 Rh2 56. d6 Kxd6 57. Kf1 Rxh3 58. Kg2 Rc3 59. Kf2 Rxc6 60. bxc6 Kxc6 61. Kf3 Kd6 62. Kf4 Ke6 63. Ke4 g6 64. Kd4 f5 65. g5 hxg5 66.
Ke3 Ke5 67. Kd3 g4 68. Ke3 f4+ 69. Kd3 g5 70. Kd2 c6 71. Ke2 c5 72. Kd2 c4 73.
Ke2 Kd5 74. Kd2 Kd4 75. Kc2 c3 76. Kd1 Kd3 77. Ke1 c2 78. Kf2 c1=Q 79. Kg2 Qd2+ 80. Kh1 g3 81. Kg1 f3 82. Kh1 Qd1# 0-1

[Event "Early-Titled-Tuesday-Blitz-April-16-2024"]
[Site "Chess.com"]
[Date "2024.04.16"]
[Round "1"]
[White "SashaKuzhilniy"]
[Black "Naruto75_3"]
[Result "1-0"]
[WhiteElo "2642"]
[BlackElo "2340"]
[TimeControl "180+1"]
[EndTime "8:08:54 PDT"]
[Termination "SashaKuzhilniy won by resignation"]

1. c3 d5 2. d4 Nf6 3. Nf3 c5 4. dxc5 Nc6 5. b4 a6 6. e3 e5 7. Nbd2 Be7 8. Be2 O-O 9. O-O Bg4 10. Bb2 Qc7 11. a3 Rad8 12. Re1 Rfe8 13. Qc2 g6 14. c4 d4 15. exd4 Nxd4 16. Nxd4 exd4 17. Bxg4 Nxg4 18. Nf3 Bf6 19. Qd3 Qf4 20. h3 Ne5 21. Nxe5 Bxe5 22. g3 Qf6 23. Re4 Bc7 24. Rae1 Rxe4 25. Rxe4 Qf5 26.
Kg2 b6 27. cxb6 Bxb6 28. c5 Bc7 29. Qf3 d3 30. Rd4 d2 31. Rxd8+ Bxd8 32. Qe2 Qd5+ 33.
Kh2 Kf8 34. Qd1 Bg5 35. f4 Be7 36. Bc3 a5 37. Qxd2 Qb3 38. h4 Qxa3 39. bxa5 Qxc5 40. Qd4 Ke8 41. Qxc5 Bxc5 42. Kg2 Kd7 43. Kf3 f5 44.
Bd2 Kc6 45. Be3 Bd6 46. a6 Bc7 47. Ke2 Bd6 48. Bf2 Bc7 49. Kd3 Bd6 50. Kc4 Bc7 51. Bd4 Bd6 52. Be5 Ba3 53. Bb8 Kb6 54. a7 Kb7 55.
Kd5 Bc1 56. Ke6 Be3 57. Kf6 Bf2 58. h5 gxh5 59. Kxf5 Bxg3 60. Kg5 h4 61. Kg4 Ka8 62. f5 Bxb8 63. axb8=Q+ Kxb8 64. f6 Kc7 65. f7 Kd7 66. f8=Q 1-0

[Event "Early-Titled-Tuesday-Blitz-April-16-2024"]
[Site "Chess.com"]
[Date "2024.04.16"]
[Round "1"]
[White "bolwin"]
[Black "djano"]
[Result "0-1"]
[WhiteElo "2236"]
[BlackElo "2600"]
[TimeControl "180+1"]
[EndTime "8:08:54 PDT"]
[Termination "djano won by resignation"]

1. Nf3 c5 2. c4 g6 3. Nc3 Bg7 4.
e3 Nf6 5. d4 cxd4 6. exd4 d5 7.
Be2 O-O 8. O-O Nc6 9. Bf4 e6 10. Rc1 dxc4 11. Bxc4 Nd5 12. Bg3 b6 13. Nxd5 exd5 14.
Bb5 Na5 15. Ne5 Be6 16. b4 Nc4 17. Nxc4 dxc4 18. Bc6 Bd5 19. Bxa8 Bxa8 20. Be5 Bxe5 21. dxe5 Qg5 22. f3 b5 23. Qe2 Qe7 24. a3 Re8 25.
Rfe1 Bd5 26. Rcd1 Be6 27. Rd6 Bf5 28. f4 h5 29. Qe3 Rc8 30. Red1 c3 31. Rc1 c2 32.
Qd2 Kh7 33. h3 h4 34. Qf2 Rc4 35. Rf6 Kg7 36. Qxh4 Qd7 37. Rd6 Qc7 38. Qf6+ Kh7 39. Rd8 Qb6+ 40. Kh2 Qxf6 41. exf6 Rxf4 42. Rd2 Be4 43. g4 Rxf6 44. Kg3 Rf3+ 45. Kh2 Rxa3 46. Rdxc2 Bxc2 47. Rxc2 Kg7 48. Rc7 a6 49. Ra7 g5 50.
Kg2 Kf6 51. Kh2 Ke6 52. Kg2 f6 53. Kh2 Ke5 54. Kg2 Kf4 55. Rf7 Ra2+ 56. Kf1 Ke5 57.
Re7+ Kd5 58. Rf7 Kc4 59. Ra7 Kxb4 60. Rf7 Ka5 61. Rxf6 b4 62. Rf5+ Ka4 63. Rxg5 b3 64. Rg6 Kb5 65. Rg5+ Kb4 66. Rg6 b2 67. Rb6+ Kc3 68.
g5 Ra1+ 69. Kg2 b1=Q 70. Rxb1 Rxb1 71. g6 Rb6 72. h4 Rxg6+ 73. Kf3 Rh6 74. Kg4 Rxh4+ 0-1